 Dungeon Crawl Stone Soup version 0.29-a0-789-g7a8fcbc185 (webtiles) character file.

Game seed: 2091782139007774619

4 frimble the Poker (level 1, 0/20 HPs)
             Began as a Minotaur Monk on July 2, 2022.
             Frozen to death by an endoplasm (5 damage)
             ... on level 1 of the Dungeon.
             The game lasted 00:00:04 (19 turns).

frimble the Poker (Minotaur Monk)                     Turns: 19, Time: 00:00:05

Health: 0/20       AC:  2    Str: 15    XL:     1   Next: 50%
Magic:  0/0        EV: 12    Int:  7    God:
Gold:   0          SH:  0    Dex: 12    Spells: 0/0 levels left

rFire   . . .      SeeInvis .   a - +0 spear
rCold   . . .      Faith    .   (no shield)
rNeg    . . .      Spirit   .   b - +0 robe
rPois   .          Reflect  .   (helmet restricted)
rElec   .          Harm     .   (no cloak)
rCorr   .          Rampage  .   (no gloves)
Will    .....                   (no boots)
Stlth   ++........              (no amulet)
HPRegen 0.06/turn               (no ring)
MPRegen 0.07/turn               (no ring)

@: no status effects
A: horns 2, retaliatory headbutt
a: no special abilities


You were on level 1 of the Dungeon.
You visited 1 branch of the dungeon, and saw 1 of its levels.

Inventory:

Hand Weapons
 a - a +0 spear (weapon)
Armour
 b - a +0 robe (worn)
Potions
 c - a potion of ambrosia


   Skills:
 + Level 3.7 Fighting
 + Level 3.7 Polearms
 + Level 3.3 Dodging
 + Level 1.6 Stealth


You couldn't memorise any spells.
You didn't know any spells.
Your spell library was empty.

Dungeon Overview and Level Annotations

Branches:
Dungeon (1/15)

Altars:


Innate Abilities, Weirdness & Mutations

You have a pair of horns on your head.
You reflexively headbutt those who attack you in melee.


Message History

You are too injured to fight recklessly!
You are too injured to fight recklessly!
You are too injured to fight recklessly!
You are too injured to fight recklessly!
You are too injured to fight recklessly!
You are too injured to fight recklessly!
You are too injured to fight recklessly!
You are too injured to fight recklessly!
You are too injured to fight recklessly!
You are too injured to fight recklessly!
You are too injured to fight recklessly!
You are too injured to fight recklessly!
You are too injured to fight recklessly!
You are too injured to fight recklessly!
The jackal attacks as you move away! The jackal bites you.
The jackal barely misses you. The jackal bites you.
The jackal attacks as you move away!
The jackal bites you but does no damage.
The jackal attacks as you move away! The jackal misses you.
You furiously retaliate!
You headbutt the jackal, but do no damage.
The jackal bites you. The jackal barely misses you.
There is an open door here.
You hit the jackal.
You kill the jackal!
You hit the jackal. You headbutt the jackal.
You kill the jackal!
The jackal closely misses you.
You closely miss the jackal. The jackal misses you. You furiously retaliate!
You headbutt the jackal!
You kill the jackal!
The endoplasm hits you.
The kobold hits you with a +0 short sword.
* * * LOW HITPOINT WARNING * * *
You see here a jackal corpse.
You hit the kobold.
The kobold is severely wounded.
The endoplasm freezes you.
You are frozen.
You die...

#.. ###..##
###.....########
...)............
#...?.....?.$...
#...........#
###.......###
###.KJ### ##@##
###'###
##.....##
#.......#
#...<...#
##.....##
#.....# +#####+


You could see an endoplasm and a kobold.

Vanquished Creatures
  3 jackals (D:1)
3 creatures vanquished.

Notes
Turn   | Place    | Note
-------+----------+-------------------------------------------
     0 | D:1      | frimble the Minotaur Monk began the quest for the Orb.
     0 | D:1      | Reached XP level 1. HP: 19/19 MP: 0/0
    19 | D:1      | Frozen to death by an endoplasm

Illustrated notes

Levels and vault maps discovered:
D:1:      onia_arrival_pentagram, layout_loops_ring,
          shapermc_ecumenical_altar_petra, minmay_unequal

Action                   || total
-------------------------++-------
Melee: Spear             ||     7
       Headbutt          ||     1
Armor: Robe              ||     1
Dodge: Dodged            ||     8

Table legend: (Time is in decaauts)
 A = Elapsed time spent in this place.
 B = Non-inter-level travel time spent in this place.
 C = Inter-level travel time spent in this place.
 D = Time resting spent in this place.
 E = Time spent auto-exploring this place.
 F = Levels seen in this place.
 G = Mean time per level.
                   A        B        C        D        E       F      G
               +--------+--------+--------+--------+--------+-----+--------+
         Total |     18 |     18 |      0 |      0 |      3 |   1 |   18.0 |
       Dungeon |     18 |     18 |      0 |      0 |      3 |   1 |   18.0 |
               +--------+--------+--------+--------+--------+-----+--------+

Top non-repeatable levels by time:
     D:1: 18 daAuts
